 Dungeon Crawl Stone Soup version 0.25.0-41-g26779e291d (console) character file.

Game seed: 2537963332693286218

4922 Colgate the Grappler (level 10, -4/91 HPs)
             Began as a Troll Berserker on July 9, 2020.
             Was an Elder of Trog.
             Slain by a hornet (7 damage)
             ... on level 8 of the Dungeon on July 10, 2020.
             The game lasted 01:21:47 (5523 turns).

Colgate the Grappler (Troll Berserker)              Turns: 5523, Time: 01:21:48

Health: -4/91      AC:  8    Str: 27    XL:     10   Next: 27%
Magic:  9/9        EV: 11    Int:  3    God:    Trog [****..]
Gold:   307        SH:  0    Dex: 12    Spells: 9/9 levels left

rFire    x . .     SeeInvis .     - Unarmed
rCold    + . .     Gourm    +   (no shield)
rNeg     . . .     Faith    .   a - +1 animal skin
rPois    .         Spirit   .   g - +1 hat
rElec    .         Reflect  .   (no cloak)
rCorr    +         Harm     .   (gloves unavailable)
MR       .....                  (boots unavailable)
Stlth    +.........             (no amulet)
HPRegen  0.65/turn              u - ring of resist corrosion
MPRegen  0.11/turn              v - ring of ice

@: lethally poisoned (-4 -> -4), hasted, very quick
A: large, unfitting armour, claws 3, fast metabolism 3, gourmand, regeneration
1, shaggy fur 1, tough skin 3
a: Berserk, Trog's Hand, Brothers in Arms, Renounce Religion


You were on level 8 of the Dungeon.
You worshipped Trog.
Trog was greatly pleased with you.
You were very full.

You visited 2 branches of the dungeon, and saw 8 of its levels.
You also visited: Ossuary.

You collected 307 gold pieces.

Inventory:

Missiles
 e - 129 stones
 x - 7 poisoned darts (quivered)
Armour
 a - a +1 animal skin (worn)
 g - a +1 hat (worn)
Jewellery
 o - an uncursed ring of ice
 u - a ring of resist corrosion (left claw)
 v - a ring of ice (right claw)
Wands
 A - a wand of disintegration (3)
Scrolls
 d - 6 scrolls of remove curse
 h - 5 scrolls of teleportation
 m - 7 scrolls of identify
 s - a scroll of noise
 B - a scroll of enchant armour
Potions
 c - a potion of haste
 f - 2 potions of might {unknown}
 i - 3 potions of berserk rage {unknown}
 j - 3 potions of flight {unknown}
 k - 3 potions of mutation {unknown}
 l - a potion of magic {unknown}
 p - 3 potions of stabbing {unknown}
 q - 4 potions of curing {unknown}
 r - 3 potions of degeneration
 t - 2 potions of heal wounds
 w - a potion of invisibility {unknown}
 z - a potion of cancellation {unknown}
Comestibles
 b - 14 rations
 n - 10 chunks of flesh


   Skills:
 - Level 3.0 Fighting
 - Level 7.0 Throwing
 - Level 3.1 Dodging
 + Level 12.6 Unarmed Combat


You had 9 spell levels left.
You didn't know any spells.
Your spell library was empty.

Dungeon Overview and Level Annotations

Branches:
Dungeon (8/15)               Lair (1/6) D:8         Ossuary (visited)
 Temple: D:4-7

Altars:
Elyvilon
Nemelex Xobeh
Okawaru
Xom

Shops:
D:6 *   D:7 (


Innate Abilities, Weirdness & Mutations

You are too large for most types of armour.
You have claws for hands.
Your metabolism is lightning-fast.
You like to eat raw meat.
Your natural rate of healing is unusually fast.
You are covered in fur. (AC +1)
You have extremely tough skin. (AC +3)


Message History

You feel sick. The yak gores you.
* * * LOW HITPOINT WARNING * * *
You see here an uncursed ring of attention.
The hornet stings you!
* * * LOW HITPOINT WARNING * * *
You feel yourself slow down.
There is a staircase back to the Dungeon here.
You feel yourself speed up.
You feel sick. The hornet stings you!
* * * LOW HITPOINT WARNING * * *
You feel yourself slow down. The adder bites you.
* * * LOW HITPOINT WARNING * * *
You are more poisoned.
The adder poisons you! The hornet misses you.
You climb upwards.
Welcome back to the Dungeon!
You feel yourself speed up.
You feel sick.
There is a staircase to the Lair here.
You feel yourself speed up.
You feel sick. The hornet stings you!
You die...

##### ....# ###.#
##.## ##...#### ###
.......... ..#
##...##### #.#
#..#..#### #.#
^.###....# ##S##
#..#..##.#
##.y@#######
##...###.#
##........รท.#
###.## #.#
#.......###.# ###.#
#.# #.#####.# .#
....# #.# #.# #.# .#
##### #.# #.# #.# .#
### #.###.# #.# .#
..######.##..#####.#
.#
......#...#........#
.#
#.###.#.......#..##.
#.# #...#.### .# .


You could see a hornet and an adder.

Vanquished Creatures
  Erica (D:8)
  The ghost of ANON1729 the Ducker, an amateur OpFi (D:3)
  A hippogriff (D:7)
  5 yaks
  A water moccasin (Lair:1)
  A porcupine (Lair:1)
  A phantom (D:4)
  A sky beast (D:7)
  An ice beast (D:6)
  3 black bears
  2 ogres
  A centaur (D:6)
  A crocodile (D:7)
  2 bullfrogs
  10 scorpions
  5 killer bees (D:8)
  3 wights (D:6)
  A crimson imp (D:8)
  2 centaur zombies (Ossuary)
  A bullfrog zombie (D:6)
  2 human zombies
  2 orc priests (D:6)
  A centaur skeleton (D:6)
  Terence (D:2)
  An orc wizard (D:3)
  2 worker ants
  A killer bee zombie (D:6)
  3 mummies (Ossuary)
  A worker ant zombie (D:6)
  5 adders
  4 gnolls (D:7)
  4 scorpion zombies (Ossuary)
  2 shadow imps
  An adder zombie (D:6)
  3 worms (D:2)
  3 leopard geckos
  10 orcs
  A ball python (D:1)
  5 bats
  5 giant cockroaches
  2 gnoll zombies (Ossuary)
  5 goblins
  12 hobgoblins
  3 jackals (D:2)
  4 quokkas
  4 frilled lizards
  3 goblin zombies (Ossuary)
  4 kobolds
  3 kobold zombies (Ossuary)
  3 orc zombies (Ossuary)
  4 rats
  A rat zombie (D:4)
149 creatures vanquished.

Vanquished Creatures (collateral kills)
  A komodo dragon (Lair:1)
  A hippogriff (Lair:1)
  3 yaks (Lair:1)
5 creatures vanquished.

Vanquished Creatures (others)
  2 scorpions (Ossuary)
  An orc zombie (Ossuary)
  2 withered plants (D:3)
5 creatures vanquished.

Grand Total: 159 creatures vanquished

Notes
Turn   | Place    | Note
-------+----------+-------------------------------------------
     0 | D:1      | Colgate the Troll Berserker began the quest for the Orb.
     0 | D:1      | Reached XP level 1. HP: 22/22 MP: 0/0
   205 | D:1      | Reached XP level 2. HP: 29/29 MP: 1/1
   404 | D:1      | You fall into a shaft and drop 1 floor!
   515 | D:2      | Reached skill level 4 in Unarmed Combat
   515 | D:2      | Reached XP level 3. HP: 36/36 MP: 2/2
   516 | D:2      | Upgraded the game from 0.25.0-37-gb73750e0fb to
                  | 0.25.0-41-g26779e291d
   572 | D:2      | Reached ** piety under Trog
   612 | D:2      | Noticed Terence
   639 | D:2      | Killed Terence
   639 | D:2      | Reached skill level 1 in Throwing
   667 | D:2      | Reached XP level 4. HP: 44/44 MP: 3/3
  1114 | D:2      | Found a faded altar of an unknown god.
  1334 | D:2      | Found a sparkling altar of Nemelex Xobeh.
  1405 | D:3      | Noticed a black bear
  1413 | D:3      | Killed a black bear
  1413 | D:3      | Reached XP level 5. HP: 53/53 MP: 4/4
  1485 | D:3      | Found a sparkling altar of Nemelex Xobeh.
  1509 | D:3      | Found a runed translucent door.
  1509 | D:3      | Noticed ANON1729's ghost (amateur OpFi)
  1708 | D:3      | Found a sparkling altar of Nemelex Xobeh.
  1712 | D:3      | Found a bloodstained altar of Trog.
  1712 | D:3      | Found an iron altar of Okawaru.
  1714 | D:3      | Found a sparkling altar of Nemelex Xobeh.
  1714 | D:3      | Found a white marble altar of Elyvilon.
  1714 | D:3      | Found a shimmering altar of Xom.
  2535 | D:3      | Killed ANON1729's ghost
  2535 | D:3      | Reached skill level 5 in Unarmed Combat
  2535 | D:3      | Reached XP level 6. HP: 61/61 MP: 5/5
  2593 | D:4      | Reached XP level 7. HP: 57/67 MP: 6/6
  2682 | D:4      | Found a sand-covered staircase.
  2711 | Ossuary  | Entered an ossuary
  2726 | Ossuary  | Reached skill level 5 in Throwing
  2731 | Ossuary  | Reached *** piety under Trog
  2808 | Ossuary  | Reached skill level 6 in Unarmed Combat
  3028 | Ossuary  | Reached skill level 7 in Unarmed Combat
  3197 | Ossuary  | Reached XP level 8. HP: 75/75 MP: 7/7
  3348 | D:4      | You fall into a shaft and drop 2 floors!
  3357 | D:6      | Reached skill level 8 in Unarmed Combat
  3498 | D:6      | Reached **** piety under Trog
  3507 | D:6      | Reached skill level 9 in Unarmed Combat
  3665 | D:6      | Found Menun's General Store.
  3813 | D:6      | Reached skill level 10 in Unarmed Combat
  3835 | D:6      | Reached XP level 9. HP: 38/81 MP: 8/8
  4186 | D:7      | Found Bohux's Weapon Shoppe.
  5271 | D:8      | Reached skill level 11 in Unarmed Combat
  5306 | D:8      | Noticed Erica
  5318 | D:8      | Killed Erica
  5415 | D:8      | Found a staircase to the Lair.
  5433 | D:8      | Reached skill level 12 in Unarmed Combat
  5441 | D:8      | Reached XP level 10. HP: 79/91 MP: 9/9
  5454 | Lair:1   | Entered Level 1 of the Lair of Beasts
  5514 | Lair:1   | Paralysed by a hornet for 3 turns
  5521 | Lair:1   | HP: 3/91 [adder (2)]
  5523 | D:8      | Slain by a hornet

Illustrated notes

Levels and vault maps discovered:
D:1:      matt_arrival_los_fun, layout_loops_ring, wad_floor_pattern_2,
          chequers_mini_garden
D:2:      layout_basic, chequers_ecumenical_altar_island, first_ration,
          nemelex_lonely_heart_becter, uniq_terence
D:3:      layout_loops_corners, nemelex_xobeh_ov_fountains_minmay,
          doesnt_xom_only_xom, gup_sewer_entry_bowl, gammafunk_ghost_grave,
          minmay_misc_feat_tower
D:4:      layout_rooms, lemuel_coloured_pillars_altar, serial_co_window_serial,
          co_window_paths_b, co_window_paths_a, co_window_of_opportunity_a,
          co_window_paths_b, co_window_corner_a, co_window_of_opportunity_a,
          co_window_paths_b, co_window_paths_a, co_window_corner_a,
          co_window_2corner, co_window_broadway_c, co_window_broadway_c,
          co_window_broadway_a, co_window_cross_2, co_window_paths_c,
          serial_shops, nicolae_shop_temple_entry_statues_fountains,
          enter_ossuary_3, small_statue_intersection
D:6:      layout_cave_pools, serial_shops, nicolae_shop_trees
D:7:      layout_basic, enter_bailey_7, serial_shops, shop
D:8:      layout_loops_ring, lair_entry_dummy, uniq_erica, uniq_psyche,
          uniq_grum
Lair:1:   minmay_lair_venomous_thicket, layout_gridlike

Skill      XL: |  1  2  3  4  5  6  7  8  9 10 |
---------------+-------------------------------+-----
Unarmed Combat | 4 5 7 10 12 | 12.6
Throwing       | 2 3 4 5 6 7 |  7.0
Fighting       | 3 |  3.0
Dodging        | 3 |  3.1

Action                   |  1- 3 |  4- 6 |  7- 9 | 10-12 || total
-------------------------+-------+-------+-------+-------++-------
Melee: Unarmed           |    52 |    86 |   227 |     9 ||   374
       Punch             |     1 |       |    10 |       ||    11
Throw: Stone             |    32 |    47 |   153 |       ||   232
       Dart              |       |       |    33 |     4 ||    37
Invok: Berserk           |     2 |     5 |     4 |     1 ||    12
       Trog's Hand       |       |       |     1 |       ||     1
       Brothers in Arms  |       |       |       |     1 ||     1
Evoke: Wand              |       |       |    12 |     5 ||    17
  Use: Scroll            |       |     8 |     2 |     1 ||    11
       Potion            |       |       |       |     1 ||     1
  Eat: Chunk             |    12 |    22 |    28 |     2 ||    64
       Ration            |       |       |     1 |       ||     1
Armor: Animal skin       |    11 |    27 |    69 |     6 ||   113
Dodge: Dodged            |    24 |    20 |    92 |     7 ||   143
